 Dungeon Crawl Stone Soup version 0.30-a0-414-gcb31657 (webtiles) character file.

Game seed: 4361642440902097201

1178 Dorkslayer the Shield-Bearer (level 8, -4/48 HPs)
             Began as a Gargoyle Fighter on Dec 7, 2022.
             Was an Initiate of Gozag.
             Killed by divine providence
             ... invoked by an orc priest
              (12 damage)
             ... on level 5 of the Dungeon.
             The game lasted 00:11:36 (3236 turns).

Dorkslayer the Shield-Bearer (Gargoyle Fighter)     Turns: 3236, Time: 00:11:37

Health: -4/48      AC: 21    Str: 20    XL:     8   Next: 41%
Magic:  8/8        EV:  5    Int:  9    God:    Gozag
Gold:   297        SH:  9    Dex: 11    Spells: 7/7 levels left

rFire   . . .      SeeInvis .    a - +0 long sword
rCold   . . .      Faith    .    j - +0 kite shield
rNeg    + . .      Spirit   .    k - +0 plate armour
rPois   ∞          Reflect  .    e - +0 helmet
rElec   +          Harm     .    (no cloak)
rCorr   +          Rampage  .    h - +0 pair of gloves
Will    .....                    b - +0 pair of boots
Stlth   ..........               (no amulet)
HPRegen 0.28/turn                i - ring of resist corrosion
MPRegen 0.11/turn                (no ring)

@: no status effects
A: sickness immunity, AC +5, negative energy resistance 1, electricity
resistance, torment resistance 1, petrification resistance
a: Renounce Religion, Potion Petition, Call Merchant, Bribe Branch


You were on level 5 of the Dungeon.
You worshipped Gozag.
Gozag was aware of your devotion.
You visited 1 branch of the dungeon, and saw 5 of its levels.

You collected 384 gold pieces.
You paid 87 gold pieces to Gozag.

Inventory:

Hand Weapons
 a - a +0 long sword (weapon)
Missiles
 p - 6 javelins (quivered)
Armour
 b - a +0 pair of boots (worn)
 e - a +0 helmet (worn)
 h - a +0 pair of gloves (worn)
 j - a +0 kite shield (worn)
 k - a +0 plate armour (worn)
Jewellery
 i - a ring of resist corrosion (left hand)
Wands
 f - a wand of flame (8)
Scrolls
 c - a scroll of silence
 d - a scroll of enchant armour
 q - a scroll of noise {unknown}
Potions
 l - 2 potions of curing
 m - 3 potions of brilliance
 n - 2 potions of cancellation
 o - 2 potions of lignification


   Skills:
 + Level 4.7 Fighting
 + Level 5.3 Long Blades
 + Level 1.1 Throwing
 + Level 5.3 Armour
 + Level 3.0 Dodging
 + Level 0.2 Stealth
 + Level 5.9 Shields


You had 7 spell levels left.
You didn't know any spells.
Your spell library contained the following spells:

 Spells                   Type           Power      Damage    Failure   Level
 Ensorcelled Hibernation  Hex/Ice        0%         N/A       100%        2
 Passwall                 Tmut/Erth      0%         N/A       100%        2
 Swiftness                Air            0%         N/A       100%        3


Dungeon Overview and Level Annotations

Branches:
Dungeon (5/15)
 Temple: D:4-7

Altars:
Gozag
Vehumet

Shops:
D:1 (


Innate Abilities, Weirdness & Mutations

You are immune to sickness and miasma.
Your stone body is resilient. (AC +5)
You are immune to poison.
You resist negative energy. (rN+)
You are resistant to electric shocks. (rElec)
You are resistant to unholy torment.
You are immune to petrification.


Message History

You hear some strange, mumbled words.
A magic dart appears from out of thin air!
The magic dart hits you but does no damage.
You block the orc's attack. The adder bites you but does no damage.
Something hits you. The orc hits you but does no damage.
The orc priest casts a cantrip, but nothing happens.
You hit the orc priest but do no damage.
The orc priest is heavily wounded.
The adder closely misses you.
The orc priest hits you but does no damage.
Something hits you but does no damage. The orc hits you but does no damage.
You block the adder's attack.
You hit the orc priest.
The orc priest is severely wounded.
The adder bites you but does no damage.
The orc priest hits you but does no damage.
Something hits you. You block the orc's attack.
The adder bites you but does no damage.
Unknown command.
You hit the orc priest.
The orc priest is almost dead.
The orc priest miscasts a cantrip.
You hear some strange, mumbled words.
A puff of flame appears from out of thin air!
The puff of flame hits you but does no damage.
The orc completely misses you. The adder bites you but does no damage.
The orc priest calls down the wrath of Beogh upon you.
Beogh smites you!
* * * LOW HITPOINT WARNING * * *
You hear some strange, mumbled words.
A magic dart appears from out of thin air!
The magic dart hits you but does no damage.
The orc completely misses you.
You hit the orc priest but do no damage.
The orc priest is almost dead.
The adder completely misses you.
The orc priest mumbles some strange prayers to Beogh against you.
Beogh smites you!
You die...
Your body crumbles into a pile of gold.

...$......# ..........#
..........###+##
...............#
...............#
...............#
...............# ..
.......{o......#+####..
......oS@..............
.....#####.............
.... #............. ...
#............. ..
#.......>..... .
#.............
#.....#######. #.<...#
#.....#


You could see an orc priest, an adder and an orc.

Vanquished Creatures
  Pikel (D:4)
  Grinder (D:4)
  Eustachio (D:4)
  The ghost of Radamante the Covered, an amateur MiFi of Cheibriados (D:4)
  An ogre (D:3)
  Jessica (D:2)
  2 iguanas (D:3)
  5 adders
  A white imp (D:4)
  5 worms
  3 dart slugs
  2 orcs
  3 ball pythons
  6 endoplasms
  A giant cockroach (D:2)
  9 goblins
  3 hobgoblins
  3 jackals (D:2)
  5 kobolds
  3 bats
  2 frilled lizards (D:2)
  4 rats
63 creatures vanquished.

Vanquished Creatures (others)
  2 withered plants (D:2)
2 creatures vanquished.

Grand Total: 65 creatures vanquished

Notes
Turn   | Place    | Note
-------+----------+-------------------------------------------
     0 | D:1      | Dorkslayer the Gargoyle Fighter began the quest for the
                  | Orb.
     0 | D:1      | Reached XP level 1. HP: 14/14 MP: 1/1
   177 | D:1      | Reached XP level 2. HP: 19/19 MP: 2/2
   187 | D:1      | Found Uwkam's Antique Weapon Shop.
   813 | D:2      | Found a faded altar of an unknown god.
   861 | D:2      | Reached XP level 3. HP: 21/23 MP: 3/3
   927 | D:2      | Reached skill level 1 in Dodging
   931 | D:2      | Noticed Jessica
   938 | D:2      | Killed Jessica
   939 | D:2      | Reached XP level 4. HP: 19/29 MP: 4/4
  1265 | D:3      | Found a radiant altar of Vehumet.
  1499 | D:3      | Reached XP level 5. HP: 33/33 MP: 5/5
  2037 | D:4      | Found a large runed translucent door.
  2038 | D:4      | Found a large runed translucent door.
  2043 | D:4      | Found an opulent altar of Gozag.
  2050 | D:4      | Became a worshipper of Gozag Ym Sagoz the Greedy
  2053 | D:4      | Noticed a lemure
  2053 | D:4      | Noticed a lemure
  2053 | D:4      | Noticed an ogre
  2053 | D:4      | Noticed Pikel
  2053 | D:4      | Noticed a lemure
  2108 | D:3      | Killed an ogre
  2109 | D:3      | Reached XP level 6. HP: 15/38 MP: 6/6
  2114 | D:3      | HP: 1/38 [iguana (10)]
  2339 | D:4      | Noticed Radamante's ghost (amateur MiFi)
  2343 | D:4      | Noticed Grinder
  2348 | D:4      | Paralysed by Grinder for 4 turns
  2362 | D:4      | Killed Grinder
  2363 | D:4      | Reached skill level 5 in Shields
  2363 | D:4      | Reached XP level 7. HP: 39/43 MP: 7/7
  2466 | D:4      | Killed Pikel
  2467 | D:4      | Reached skill level 5 in Armour
  2467 | D:4      | Reached XP level 8. HP: 29/48 MP: 8/8
  2883 | D:4      | Noticed Eustachio
  2913 | D:4      | Killed Eustachio
  2914 | D:4      | Reached skill level 5 in Long Blades
  3118 | D:4      | Killed Radamante's ghost
  3119 | D:4      | Reached skill level 1 in Throwing
  3205 | D:5      | Entered Level 5 of the Dungeon
  3236 | D:5      | Killed from afar by an orc priest

Illustrated notes

Levels and vault maps discovered:
D:1:      dpeg_arrival_stone_temple_mockup, layout_basic, serial_shops,
          shop_coins
D:2:      layout_rooms, ebering_ecumenical_altar_petrified,
          kennysheep_generic_room_8, uniq_jessica
D:3:      layout_loops_ring, fiery_altar_vehumet, minivault_26
D:4:      layout_gridville, nicolae_gozag_cash_rules_everything_around_me,
          ebering_ghost_disaster_area, uniq_pikel, uniq_grinder, uniq_eustachio
D:5:      layout_gridville, mainiacjoe_overflow_tiny_flanked,
          uniq_prince_ribbit1, uniq_blork_the_orc, uniq_sigmund

Skill      XL: |  1  2  3  4  5  6  7  8 |
---------------+-------------------------+-----
Long Blades    | 2 3 4 5 |  5.3
Dodging        | 1 2 3 |  3.0
Shields        | 4 5 |  5.9
Fighting       | 4 |  4.7
Armour         | 4 5 |  5.3
Throwing       | 1 |  1.1
Stealth        | |  0.2

Action                   |  1- 3 |  4- 6 |  7- 9 || total
-------------------------+-------+-------+-------++-------
Melee: Long sword        |    98 |   141 |   159 ||   398
Throw: Javelin           |       |       |     2 ||     2
  Use: Scroll            |       |     6 |     2 ||     8
       Potion            |       |     2 |     3 ||     5
Armor: Scale mail        |    20 |       |       ||    20
       Plate armour      |    59 |   111 |   121 ||   291
Dodge: Dodged            |    25 |    27 |    35 ||    87
Block: Buckler           |     6 |       |       ||     6
       Kite shield       |    39 |    86 |    82 ||   207

Table legend: (Time is in decaauts)
 A = Elapsed time spent in this place.
 B = Non-inter-level travel time spent in this place.
 C = Inter-level travel time spent in this place.
 D = Time resting spent in this place.
 E = Time spent auto-exploring this place.
 F = Levels seen in this place.
 G = Mean time per level.
                   A        B        C        D        E       F      G
               +--------+--------+--------+--------+--------+-----+--------+
         Total |   3392 |   3392 |      0 |    158 |   1503 |   5 |  678.4 |
       Dungeon |   3392 |   3392 |      0 |    158 |   1503 |   5 |  678.4 |
               +--------+--------+--------+--------+--------+-----+--------+

Top non-repeatable levels by time:
     D:3: 1047 daAuts
     D:4: 985 daAuts
     D:1: 729 daAuts
     D:2: 594 daAuts
     D:5: 35 daAuts
